Map: Cerulean Fall LE

Players

HellraiseR

  • Race: Protoss Protoss
  • League: Master
  • Spawn Location: 1:00

Serral - Winner!

  • Race: Zerg Zerg
  • League: Master
  • Spawn Location: 7:00

Event: HomeStory Cup XVIII

VOD

Have the link to the VOD?

Description

Time

  • Played on: Nov. 23, 2018, 10:54 a.m.
  • Length: 5:15

All games in this series

Show
View Real Time Build Order
Export as new Build Order

HellraiseR Protoss 

Build Orders:  

Get SALT Encoding   

  12  0:00  Probe  
  13  0:12  Probe  
  14  0:17  Pylon  
  14  0:21  Probe  
  15  0:31  Probe  
  16  0:38  Forge  
  16  0:48  Probe  
  17  0:54  Pylon  
  17  1:10  Probe  
  18  1:13  Photon Cannon  
  18  1:14  Gateway  
  18  1:22  Probe  
  18  1:23  Assimilator  
  19  1:28  Pylon  
  19  1:34  Probe  
  19  1:36  Assimilator  
  20  1:46  Probe  
  21  1:50  Photon Cannon  
  21  1:58  Probe  
  22  2:03  Cybernetics Core  
  22  2:08  Zealot  
  24  2:30  Stalker  
  24  2:31  Pylon  
  24  2:34  Photon Cannon  
  26  2:50  Photon Cannon  
  26  2:52  Pylon  
  26  3:00  Stalker  
  26  3:11  Robotics Facility  
  26  3:20  Shield Battery  
  26  3:25  Stalker  
  26  3:27  Shield Battery  
  28  3:44  Shield Battery  
  28  3:46  Immortal  
  32  4:03  Shield Battery  
  32  4:25  Immortal  
  31  4:44  Pylon  
  31  4:57  Pylon  
Show
View Real Time Build Order
Export as new Build Order

Serral Zerg - Winner!

Build Orders: Hatch First, Ravager All-In 

Get SALT Encoding   

  12  0:00  Drone  
  13  0:12  Overlord  
  13  0:17  Drone  
  14  0:30  Drone x2  
  16  0:48  Hatchery  
  15  0:51  Drone  
  15  0:55  Drone  
  17  0:58  Drone  
  18  1:08  Extractor  
  17  1:15  Spawning Pool  
  17  1:17  Drone  
  17  1:21  Drone  
  19  1:28  Drone  
  20  1:33  Extractor  
  19  1:40  Drone  
  20  1:48  Hatchery  
  20  1:50  Drone  
  20  2:00  Drone  
  21  2:05  Queen  
  21  2:06  Roach Warren  
  22  2:11  Overlord  
  22  2:41  Queen  
  24  2:45  Roach x3  
  30  2:56  Overlord  
  32  3:07  Ravager x3  
  32  3:11  Overlord  
  35  3:17  Queen  
  35  3:18  Roach x2  
  39  3:30  Roach x2  
  43  3:40  Ravager  
  44  3:46  Overlord  
  44  3:47  Roach  
  46  3:57  Ravager  
  44  4:06  Ravager  
  42  4:19  Roach x2  
  42  4:21  Roach  
  41  4:28  Queen  
  41  4:30  Roach  
  43  4:33  Roach  
  45  4:46  Ravager  
  45  4:48  Roach  
Tags
 
Add a new tag
Caveats
  • Supply blocks, unpowered buildings, or Contaminate may cause inaccurate times.
  • Supply counts are checked every 10 seconds.